[Event "Manhemjunioren 2024"]
[Site "Goteborgs Schackcentrum, Vegatan 20, Gothenburg, Sweden"]
[Date "2024.04.06"]
[Round "1.1"]
[White "Havner, Arvid"]
[Black "Lappas Lonnermark, Johannes"]
[Result "0-1"]
[TimeControl "18 minutes + 10 seconds per move from move one."]
[WhiteFideId "1769308"]
[BlackFideId "1773437"]
[WhiteElo "1782"]
[BlackElo "1577"]

1. d4 d5 2. c4 c6 3. Nf3 Nf6 4. e3 e6 5. Nc3 Nbd7 6. Bd3 dxc4 7. Bxc4 b5 8. Bd3 a6 9. O-O c5 10.
dxc5 Nxc5 11. Be2 Bb7 12. b3 Be7 13. Bb2 O-O 14. Rc1 Rc8 15. Nd4 Qb6 16. Bf3 Rfd8 17. Bxb7 Qxb7 18. Qf3 Qxf3 19.
Nxf3 Nd3 20. Rcd1 Nxb2 21. Rxd8+ Rxd8 22. Ne5 Rc8 23. Ne2 Bd6 24. Nf3 Nd3 25. Rd1 Rd8 26. Ned4 Ne5 0-1

[Event "Manhemjunioren 2024"]
[Site "Goteborgs Schackcentrum, Vegatan 20, Gothenburg, Sweden"]
[Date "2024.04.06"]
[Round "1.2"]
[White "Sivarama, Saadhvik"]
[Black "Yang, Mandi"]
[Result "1/2-1/2"]
[TimeControl "18 minutes + 10 seconds per move from move one."]
[WhiteFideId "1773720"]
[BlackFideId "1774778"]
[WhiteElo "1566"]
[BlackElo "1738"]

1. e4 c5 2. Nf3 e6 3. c4 Nc6 4. Nc3 Nf6 5. d4 cxd4 6. Nxd4 a6 7. g3 Bb4 8. Bg2 Qc7 9. Nxc6 Qxc6 10.
Qb3 Bc5 11. O-O Qb6 12. Qxb6 Bxb6 13. Bg5 Bc7 14. Be3 O-O 15. Rad1 Rd8 16. Rfe1 Ng4 17. Bf3 Nxe3 18. Rxe3 Rb8 19.
a4 Be5 20. Red3 b6 21. Bg2 Bc7 22. R1d2 f6 23. Rd1 Kf7 24. f4 g6 25. Re1 Bb7 26. b4 Rbc8 27. e5 Bxg2 28. Kxg2 fxe5 29.
fxe5 Kg7 30. Kf3 d6 31. exd6 Rxd6 32. Rxd6 Bxd6 33. c5 bxc5 34. Rxe6 cxb4 35. Rxd6 bxc3 36. Rd1 Rc4 37. Rc1 Rxa4 38. Rxc3 Kf6 39. Rc7 h5 40. Rc6+ Kf5 41.
Rc5+ Kf6 42. Rc6+ Kg7 43. Rc7+ Kh6 44. h4 a5 45. Ra7 Ra1 46. Ke2 a4 47. Kf2 a3 48. Kg2 a2 49. Kh2 g5 50.
Ra6+ Kg7 51. hxg5 Kf7 52. Kg2 Kg7 53. Kh2 Kf7 54. Kg2 Kg7 55. Kh2 Kf7 56. Ra7+ Kg6 57. Ra5 Rd1 58. Rxa2 Kxg5 59.
Ra5+ Kg4 60. Ra4+ Kg5 61. Ra5+ Kg6 62. Ra6+ Kg5 63. Ra5+ Kg6 64. Ra6+ Kg5 65. Ra5+ Kg6 66. Ra6+ 1/2-1/2

[Event "Manhemjunioren 2024"]
[Site "Goteborgs Schackcentrum, Vegatan 20, Gothenburg, Sweden"]
[Date "2024.04.06"]
[Round "1.3"]
[White "Norberg, Arild"]
[Black "Ramovic, Isak"]
[Result "1-0"]
[TimeControl "18 minutes + 10 seconds per move from move one."]
[WhiteFideId "1774484"]
[BlackFideId "1779281"]
[WhiteElo "1683"]
[BlackElo "1561"]

1. d4 Nf6 2. Nc3 d5 3. Bf4 c6 4. Nf3 Bf5 5. e3 e6 6. a3 Be7 7. Bd3 Bxd3 8. Qxd3 Nbd7 9. h4 Nh5 10. g3 f5 11. Be5 Ndf6 12.
Ng5 Qd7 13. Qe2 h6 14. Nf3 Bd6 15. Na4 Ng4 16. Bxd6 Qxd6 17. Nh2 Nhf6 18. Nc5 Rb8 19. Nd3 h5 20. Nf3 Ne4 21. Nfe5 Nxe5 22.
Nxe5 c5 23. Qb5+ Ke7 24. Ng6+ Kf6 25. Nxh8 Rxh8 26. dxc5 Qxc5 27. Qxc5 Nxc5 28. f3 e5 29. Rd1 Rd8 30. b3 d4 31.
Rh2 1-0

[Event "Manhemjunioren 2024"]
[Site "Goteborgs Schackcentrum, Vegatan 20, Gothenburg, Sweden"]
[Date "2024.04.06"]
[Round "1.4"]
[White "Bergdahl, Martin"]
[Black "Madevan Vaishnavi, Yaashvan"]
[Result "1-0"]
[TimeControl "18 minutes + 10 seconds per move from move one."]
[WhiteFideId "1782231"]
[BlackFideId "1772180"]
[WhiteElo "1533"]
[BlackElo "1670"]

1. e4 c5 2. Nf3 g6 3. d4 cxd4 4.
Nxd4 Nc6 5. Nc3 Bg7 6. Be3 Nf6 7. Bc4 O-O 8. O-O d6 9. f4 Bg4 10. Nf3 a6 11. h3 Bd7 12. e5 dxe5 13.
Nxe5 Nxe5 14. fxe5 Nh5 15. g4 Ng3 16. Rf3 Bxe5 17. Bh6 Bc6 18. Qe1 Qd4+ 19. Re3 Bf4 20. Bxf4 Qxf4 21. Bxf7+ Rxf7 22.
Qxg3 Qxg3+ 23. Rxg3 Raf8 24. Re3 Rf2 25. Re2 R2f3 26. Kh2 Rf2+ 27. Kg3 R8f3+ 28. Kh4 Rxe2 29. Nxe2 Rf2 30. Re1 Bb5 31. Nd4 Kf7 32. Kg3 Rd2 33.
Re4 Bc4 34. Nf3 Rxc2 35. Ne5+ Ke6 36. Nxc4+ Kd5 37. Rxe7 Kxc4 38. Rxb7 h6 39. Rb6 a5 40. a3 a4 41. Rb4+ Kc5 42.
Rxa4 Rxb2 43. Ra6 Rb3+ 44. Kh4 g5+ 45. Kh5 Rxh3 46. Kg6 Rh4 47. Kf5 Kb5 48. Re6 Ka4 49. Re3 Rh2 50. Kg6 Kb5 51.
Kf5 Kc4 52. a4 Kb4 53. Re4+ Ka5 54. Kg6 Rh4 55. Kf5 Rh3 56. Kg6 Rh4 57. Kf5 Rh1 58. Kg6 Rh2 59. Kf5 Kb6 60. Re6+ Ka5 61. Re4 Rf2 62. Kg6 Rh2 63. Kf5 Kb6 64. Re6+ Kc5 65.
a5 Rg2 66. Rxh6 Kb5 67. a6 Ra2 68. Kxg5 Ra5 69. Kh5 Kc4+ 70. g5 Kd5 71. g6 Ke6+ 72. Kg4 Kf6 73. Rh7 Kxg6 74. Ra7 Ra4+ 75. Kf3 Kf5 76. Ra8 Ra3+ 77. Ke2 Ke6 78. a7 Kd7 79. Rh8 Ra2+ 80. Kd3 Ra3+ 81. Kc4 Ra4+ 82. Kb5 1-0

[Event "Manhemjunioren 2024"]
[Site "Goteborgs Schackcentrum, Vegatan 20, Gothenburg, Sweden"]
[Date "2024.04.06"]
[Round "1.5"]
[White "Bergdahl, Daniel"]
[Black "Back, Arvid"]
[Result "1/2-1/2"]
[TimeControl "18 minutes + 10 seconds per move from move one."]
[WhiteFideId "1780921"]
[BlackFideId "1772821"]
[WhiteElo "1627"]
[BlackElo "1512"]

1. e4 e5 2. Nf3 Nc6 3. Bb5 d6 4. c3 Bd7 5. d4 a6 6. Bxc6 Bxc6 7. dxe5 dxe5 8. O-O Qxd1 9. Rxd1 Bxe4 10. Nxe5 Nf6 11. Re1 Bd6 12.
Nc4 O-O-O 13. Nxd6+ Rxd6 14. Bg5 Bxb1 15. Raxb1 h6 16. Bf4 Rd7 17. h3 Nd5 18. Bg3 b5 19. Rbd1 Kd8 20. Kf1 Re8 21.
Rxe8+ Kxe8 22. Ke2 Ke7 23. f3 Ke6 24.
Rd4 f5 25. Rd2 f4 26. Bf2 g5 27. h4 c6 28. hxg5 hxg5 29. g4 Ke5 30. Bd4+ Ke6 31. Bc5 Ke5 32. Rd4 Nf6 33. Rxd7 Nxd7 34. Be7 Nf6 35. Kd3 Nh7 36.
b4 Kd5 37. a3 Ke5 38. c4 Nf6 39. Bxf6+ Kxf6 40. cxb5 axb5 41. Kd4 1/2-1/2

[Event "Manhemjunioren 2024"]
[Site "Goteborgs Schackcentrum, Vegatan 20, Gothenburg, Sweden"]
[Date "2024.04.06"]
[Round "1.6"]
[White "Holma, Tim"]
[Black "Bahl, Advaiya"]
[Result "0-1"]
[TimeControl "18 minutes + 10 seconds per move from move one."]
[WhiteFideId "1785850"]
[BlackFideId "1782002"]
[WhiteElo "1430"]
[BlackElo "1609"]

1. e4 e5 2. Nf3 Nc6 3. Bc4 Bc5 4. c3 Nf6 5. d4 exd4 6. cxd4 Bb4+ 7. Bd2 Bxd2+ 8. Nbxd2 d5 9. e5 dxc4 10.
exf6 Qxf6 11. Nxc4 Bg4 12. d5 Bxf3 13. gxf3 Nd4 14. Qa4+ b5 15. Qa5 bxc4 16. Qa4+ c6 17. O-O-O O-O 18.
Qxc4 Nxf3 19. dxc6 Ne5 20. Qc3 Qxc6 21. Qxc6 Nxc6 22. Rd7 Rfd8 23. Rhd1 Rac8 24. Rxd8+ Rxd8 25. Rxd8+ Nxd8 26. b4 f5 27.
b5 Kf7 28. Kc2 Ke6 29. Kc3 Kd5 30. Kb4 g5 31. a4 h5 32. a5 f4 33. b6 axb6 34. a6 Nc6+ 35. Kb5 g4 36. Kxb6 h4 37.
a7 Nxa7 38. Kxa7 g3 39. fxg3 fxg3 40.
hxg3 hxg3 41. Kb7 g2 42. Ka7 g1=Q+ 0-1

[Event "Manhemjunioren 2024"]
[Site "Goteborgs Schackcentrum, Vegatan 20, Gothenburg, Sweden"]
[Date "2024.04.06"]
[Round "1.7"]
[White "Kaplan, Viktor"]
[Black "Hansson, Isabelle"]
[Result "1-0"]
[TimeControl "18 minutes + 10 seconds per move from move one."]
[WhiteFideId "1780956"]
[BlackFideId "1773593"]
[WhiteElo "1596"]
[BlackElo "1414"]

1. d4 d5 2. c4 c6 3. Nc3 Nf6 4. Nf3 Bf5 5. cxd5 cxd5 6.
Qb3 b6 7. Bf4 Nc6 8. e3 Na5 9. Qa4+ Bd7 10. Bb5 Nc4 11. Bxd7+ Qxd7 12. Nb5 Nxb2 13. Nc7+ Kd8 14. Qxd7+ Nxd7 15.
Nxa8 Nd3+ 16. Ke2 Nxf4+ 17. exf4 e6 18. Ne5 Nxe5 19. fxe5 Bb4 20. Rac1 Kd7 21. Rc7+ Kd8 22. Rxa7 b5 23.
Rc1 Be7 24. Nb6 Ke8 25. Rc8+ Bd8 26. Rd7 f6 27. Rcxd8# 1-0

[Event "Manhemjunioren 2024"]
[Site "Goteborgs Schackcentrum, Vegatan 20, Gothenburg, Sweden"]
[Date "2024.04.06"]
[Round "2.1"]
[White "Lappas Lonnermark, Johannes"]
[Black "Norberg, Arild"]
[Result "0-1"]
[TimeControl "18 minutes + 10 seconds per move from move one."]
[WhiteFideId "1773437"]
[BlackFideId "1774484"]
[WhiteElo "1577"]
[BlackElo "1683"]

1. e4 e5 2. Nf3 Nc6 3. Bc4 Bc5 4. c3 d6 5. O-O Bg4 6. d3 h6 7. Bb3 Qf6 8. Nbd2 Nge7 9. Re1 Bh5 10.
Nf1 Bxf3 11. Qxf3 Qxf3 12. gxf3 Ng6 13. Kg2 h5 14. Kg3 h4+ 15. Kg2 Nf4+ 16. Bxf4 exf4 17. d4 h3+ 18. Kg1 Bb6 19.
Nd2 Ne7 20. Nc4 Ng6 21. Nxb6 axb6 22. Rad1 Nh4 23. Rd3 c6 24. e5 d5 25. c4 dxc4 26. Bxc4 Ra4 27. Rc1 b5 28. Bb3 Rxd4 29.
Rcd1 Rxd3 30. Rxd3 Ke7 31. Bd1 Rd8 32. Rxd8 Kxd8 33. Kf1 b6 34. Ke2 g5 35. Kd3 c5 36. Ke4 Kd7 37. Kd5 Ng6 38. Bc2 Ne7+ 39. Ke4 Ke6 40.
Bd3 c4 41. Bf1 f5+ 42. exf6 Kxf6 43. Bxh3 Nc6 44. Bd7 Na7 45. Kd5 Ke7 46. Bc6 Nxc6 47. Kxc6 b4 0-1

[Event "Manhemjunioren 2024"]
[Site "Goteborgs Schackcentrum, Vegatan 20, Gothenburg, Sweden"]
[Date "2024.04.06"]
[Round "2.2"]
[White "Bahl, Advaiya"]
[Black "Kaplan, Viktor"]
[Result "1/2-1/2"]
[TimeControl "18 minutes + 10 seconds per move from move one."]
[WhiteFideId "1782002"]
[BlackFideId "1780956"]
[WhiteElo "1609"]
[BlackElo "1596"]

1. e4 e6 2. d4 d5 3.
exd5 exd5 4. Bd3 Nf6 5. Nf3 Bd6 6. Bg5 O-O 7. O-O Bg4 8.
h3 Bh5 9. Nbd2 c6 10. c3 Nbd7 11.
Qc2 Qc7 12. Rfe1 Rfe8 13. Rad1 Bg6 14. b4 Bxd3 15. Qxd3 h6 16. Be3 Nh5 17. a4 Ndf6 18. Nb3 Bf4 19. Qd2 Bxe3 20. Rxe3 Rxe3 21.
Qxe3 Re8 22. Qc1 Nf4 23. Qc2 Ne4 24. Re1 f5 25. Nc5 b6 26. Nxe4 dxe4 27. Ne5 c5 28. Qd2 Ne6 29. bxc5 bxc5 30.
Qa2 Kh7 31. Qc4 cxd4 32. Qxc7 Nxc7 33. cxd4 Rd8 34. Rd1 Ne6 35. Nc6 Rd7 36. d5 Nc5 37. a5 Nd3 38. a6 Rxd5 39. Nxa7 Ra5 40. Nc6 Rxa6 41. Nd4 g6 42.
f3 Ra4 43. Ne6 e3 44. Rxd3 Ra1+ 45. Kh2 e2 46. Re3 e1=Q 47. Rxe1 Rxe1 48. Nc5 Rd1 49. Ne6 g5 50. Nc5 Kg6 51.
Na4 h5 52. Nc3 Rc1 53. Ne2 Re1 54. Nd4 h4 55. Nc2 Re2 56. Nd4 Rd2 57. Nb3 Rd1 58. Na5 Kf6 59. Nc4 Rd3 60. Nb2 Rd4 61.
Kg1 f4 62. Kh2 Ke5 63. Kg1 Kd5 64. Kf1 Kc5 65. Ke2 Kb4 66. Nd3+ Kc3 67. Ne5 Rd2+ 68. Kf1 Rd1+ 69. Ke2 Rd2+ 70. Kf1 Rd1+ 71. Ke2 Rd2+ 1/2-1/2

[Event "Manhemjunioren 2024"]
[Site "Goteborgs Schackcentrum, Vegatan 20, Gothenburg, Sweden"]
[Date "2024.04.06"]
[Round "2.3"]
[White "Yang, Mandi"]
[Black "Bergdahl, Martin"]
[Result "1-0"]
[TimeControl "18 minutes + 10 seconds per move from move one."]
[WhiteFideId "1774778"]
[BlackFideId "1782231"]
[WhiteElo "1738"]
[BlackElo "1533"]

1. e4 c6 2. d4 d5 3. e5 c5 4. dxc5 Nc6 5.
Nf3 Bf5 6. c3 Qc7 7. Bb5 Bg4 8.
O-O e6 9. Be3 Nge7 10. Nbd2 a6 11. Ba4 Ng6 12. h3 Bxf3 13. Nxf3 Ngxe5 14. Nxe5 Qxe5 15. Qb3 Rb8 16. g3 g5 17.
Bd4 Qf5 18. Bxc6+ 1-0

[Event "Manhemjunioren 2024"]
[Site "Goteborgs Schackcentrum, Vegatan 20, Gothenburg, Sweden"]
[Date "2024.04.06"]
[Round "2.4"]
[White "Murugaraja, Yogeshwer"]
[Black "Bergdahl, Daniel"]
[Result "0-1"]
[TimeControl "18 minutes + 10 seconds per move from move one."]
[WhiteFideId "1779389"]
[BlackFideId "1780921"]
[WhiteElo "1587"]
[BlackElo "1627"]

1. c4 e5 2. g3 Nf6 3. Bg2 Nc6 4.
e3 Bc5 5. Ne2 d6 6. d4 Bb4+ 7. Bd2 Bxd2+ 8. Qxd2 O-O 9. d5 Ne7 10. e4 c6 11. O-O Ng6 12. Nbc3 Re8 13. f4 exf4 14.
Nxf4 Nxf4 15. Qxf4 Qb6+ 16. Qf2 c5 17. b3 Qb4 18. Rac1 Bd7 19. Qf4 Re5 20. h3 h6 21. g4 b5 22.
Ne2 Qa5 23. Ra1 bxc4 24. bxc4 Rb8 25. Ng3 Rb2 26. Nh5 Rxh5 27. gxh5 Qc3 28. Rad1 Rxg2+ 29. Kxg2 Bxh3+ 30. Kg1 Bxf1 31. Qxf1 Nxe4 32. Qd3 Qe5 33.
Re1 Qg5+ 34. Kh2 Qxh5+ 0-1

[Event "Manhemjunioren 2024"]
[Site "Goteborgs Schackcentrum, Vegatan 20, Gothenburg, Sweden"]
[Date "2024.04.06"]
[Round "2.5"]
[White "Back, Arvid"]
[Black "Sivarama, Saadhvik"]
[Result "1-0"]
[TimeControl "18 minutes + 10 seconds per move from move one."]
[WhiteFideId "1772821"]
[BlackFideId "1773720"]
[WhiteElo "1512"]
[BlackElo "1566"]

1. e4 c5 2. Nf3 d6 3. Bb5+ Bd7 4. Bxd7+ Nxd7 5. d4 cxd4 6. Qxd4 Ngf6 7. h3 g6 8. Nc3 Bg7 9. Qa4 O-O 10.
Be3 a6 11. Rd1 b5 12. Qb4 Qc7 13. Rd2 Nb6 14. Bxb6 Qxb6 15. Nd5 Nxd5 16. exd5 a5 17. Qe4 Bxb2 18. O-O Rfe8 19. Rb1 Bg7 20.
g4 Rab8 21. a3 Qc5 22. Qe3 Qxe3 23. fxe3 e6 24. e4 exd5 25. exd5 Re3 26. Rd3 Rxd3 27. cxd3 b4 28. Rb3 bxa3 29.
Rxb8+ Bf8 30. Rb3 1-0

[Event "Manhemjunioren 2024"]
[Site "Goteborgs Schackcentrum, Vegatan 20, Gothenburg, Sweden"]
[Date "2024.04.06"]
[Round "2.7"]
[White "Hansson, Isabelle"]
[Black "Havner, Arvid"]
[Result "0-1"]
[TimeControl "18 minutes + 10 seconds per move from move one."]
[WhiteFideId "1773593"]
[BlackFideId "1769308"]
[WhiteElo "1414"]
[BlackElo "1782"]

1. d4 Nf6 2. Nc3 d5 3. Nf3 Bf5 4. Bf4 c6 5. g3 Nbd7 6. Bg2 Qb6 7. b3 e6 8.
O-O Be7 9. Re1 O-O 10. Nh4 Bb4 11. Bd2 Qxd4 12.
Nb1 Qxa1 13. Bxb4 c5 14. Bc3 Qxa2 15. e3 Qxc2 16. Nxf5 Qxf5 17. b4 Rac8 18. Qa4 cxb4 19. Bxb4 Ne4 20.
Bxe4 Qxe4 21. Rf1 Ne5 22. Nd2 Nf3+ 23. Nxf3 Rc4 24. Nd2 Rxb4 25. Nxe4 Rxa4 26. Nc5 Rb4 27. Rc1 Rc8 28. Nd3 Rxc1+ 29. Nxc1 Rb1 30. Kg2 Rxc1 0-1

[Event "Manhemjunioren 2024"]
[Site "Goteborgs Schackcentrum, Vegatan 20, Gothenburg, Sweden"]
[Date "2024.04.06"]
[Round "2.8"]
[White "Ramovic, Isak"]
[Black "Holma, Tim"]
[Result "1-0"]
[TimeControl "18 minutes + 10 seconds per move from move one."]
[WhiteFideId "1779281"]
[BlackFideId "1785850"]
[WhiteElo "1561"]
[BlackElo "1430"]

1. e4 e5 2. Nf3 Nc6 3.
Bc4 Bc5 4. d3 h6 5. c3 d6 6. O-O Be6 7. Bxe6 fxe6 8. b4 Bb6 9. Re1 Nf6 10. h3 O-O 11. a4 a6 12. Nbd2 Qe7 13.
Nf1 Nh5 14. a5 Ba7 15. d4 Qf7 16. N1h2 exd4 17. cxd4 Bxd4 18. Ra2 Nxb4 19. Qxd4 Nxa2 20. Be3 e5 21. Qb2 c6 22. Re2 Nf4 23.
Bxf4 Qxf4 24. Qxa2+ Kh8 25. Qd2 Rad8 26. Qxf4 Rxf4 27. g3 Rff8 28. Rb2 Rd7 29. Nh4 Kh7 30. Nf1 d5 31. exd5 cxd5 32.
Ne3 d4 33. Nc4 Rd5 34. Rxb7 d3 35. Rb2 e4 36. Ne3 Rdd8 37. Rd2 Rf7 38. Kg2 Rc7 39. f3 Re8 40. fxe4 Rxe4 41. Rxd3 Rc5 42.
Ra3 Ree5 43. Rb3 Rxa5 44. Nc4 Re2+ 45. Kf3 Rb5 46. Rxb5 axb5 47. Ne3 Ra2 48.
Ke4 Ra8 49. Kd5 Rc8 50. Nhf5 b4 51. Nc4 b3 52. Nd4 Rxc4 53. Nxb3 Rc3 54. Nd4 Rxg3 55. h4 g5 56. hxg5 Rxg5+ 57. Ke4 h5 58. Ne2 h4 59. Nf4 Rg1 60. Kf3 Kh6 61. Nh3 Ra1 62. Kg4 Ra4+ 63. Kf3 Kh5 64. Nf4+ Kg5 65. Nh3+ Kf5 66. Kg2 Kg4 67. Nf2+ Kf4 68.
Nh3+ Ke3 69. Ng5 Rg4+ 70. Kh3 Rxg5 71. Kxh4 Kf4 72. Kh3 Rg4 73. Kh2 Kf3 74. Kh1 Kf2 {black's phone made a
sound} 1-0

[Event "Manhemjunioren 2024"]
[Site "Goteborgs Schackcentrum, Vegatan 20, Gothenburg, Sweden"]
[Date "2024.04.06"]
[Round "3.1"]
[White "Norberg, Arild"]
[Black "Bahl, Advaiya"]
[Result "1-0"]
[TimeControl "18 minutes + 10 seconds per move from move one."]
[WhiteFideId "1774484"]
[BlackFideId "1782002"]
[WhiteElo "1683"]
[BlackElo "1609"]

1. d4 d5 2. Bf4 Bf5 3. Nf3 Nf6 4. e3 e6 5. a3 c5 6. Bb5+ Nc6 7. Ne5 Rc8 8. h3 a6 9. Bxc6+ bxc6 10.
c3 c4 11. b3 cxb3 12. Qxb3 Nd7 13. Nd2 Nxe5 14. Bxe5 f6 15. Bf4 Bd6 16. Bxd6 Qxd6 17. Qb7 O-O 18. O-O Bd3 19. Rfe1 Ra8 20.
Qb4 Qb8 21. Nb3 Qxb4 22. axb4 Bb5 23. Nc5 Kf7 24. e4 Rfe8 25. e5 f5 26. Nb7 Ke7 27. Nc5 g6 28. Ra3 Bc4 29. Rea1 Rec8 30.
Nxa6 Bxa6 31. Rxa6 Rxa6 32. Rxa6 Rc7 33. f4 h5 34.
Kf2 h4 35. g3 hxg3+ 36. Kxg3 Kf7 37. Kh4 Kg8 38. Kg5 Kg7 39. h4 Kf7 40. h5 gxh5 41. Kxh5 Kg7 42. Kg5 Kf7 43. Kh6 Ke7 44.
Kg6 Kd7 45. Kf6 Rb7 46. Ra2 Rc7 47. Rh2 Rc8 48. Rh7+ Kd8 49. Rh8+ Kd7 50. Rxc8 Kxc8 51. Kxe6 Kc7 52. Kxf5 Kb6 53.
e6 Kc7 54. Kf6 Kd8 55. Kf7 1-0

[Event "Manhemjunioren 2024"]
[Site "Goteborgs Schackcentrum, Vegatan 20, Gothenburg, Sweden"]
[Date "2024.04.06"]
[Round "3.2"]
[White "Bergdahl, Daniel"]
[Black "Yang, Mandi"]
[Result "0-1"]
[TimeControl "18 minutes + 10 seconds per move from move one."]
[WhiteFideId "1780921"]
[BlackFideId "1774778"]
[WhiteElo "1627"]
[BlackElo "1738"]

1. e4 c5 2. d4 cxd4 3. c3 Nf6 4. e5 Nd5 5. cxd4 e6 6. Nf3 d6 7. Nc3 Nxc3 8. bxc3 Qc7 9. Bd2 Nd7 10.
Be2 dxe5 11. dxe5 Nxe5 12. O-O Bd6 13. Nxe5 Bxe5 14. Qb3 O-O 15. Rad1 Bxh2+ 16. Kh1 Bf4 17. Bxf4 Qxf4 18. g3 Qe4+ 0-1

[Event "Manhemjunioren 2024"]
[Site "Goteborgs Schackcentrum, Vegatan 20, Gothenburg, Sweden"]
[Date "2024.04.06"]
[Round "3.3"]
[White "Kaplan, Viktor"]
[Black "Back, Arvid"]
[Result "1-0"]
[TimeControl "18 minutes + 10 seconds per move from move one."]
[WhiteFideId "1780956"]
[BlackFideId "1772821"]
[WhiteElo "1596"]
[BlackElo "1512"]

1. d4 d5 2. c4 c6 3. Nc3 Nf6 4. Nf3 e6 5. Bg5 Bb4 6. cxd5 Bxc3+ 7. bxc3 Qxd5 8. Bxf6 gxf6 9. e3 Nd7 10. Bd3 e5 11. O-O e4 12. c4 Qe6 13. d5 cxd5 14. Nd4 Qe5 15. Be2 Nc5 16. cxd5 Qxd5 17. Qc2 Rg8 18.
Rfd1 Qg5 19. g3 Bd7 20. Nb5 Bxb5 21. Bxb5+ Kf8 22. Rac1 Rc8 23. Qc4 Kg7 24. Rd5 Qg4 25. Rxc5 Rxc5 26.
Qxc5 a6 27. Bf1 Qe6 28. Qc4 Qd6 29. Qxe4 Qd7 30. Bd3 Rh8 31. Qf5 Qe7 32. Rc8 Qe6 33. Rxh8 Qxf5 34. Bxf5 Kxh8 35. Bc8 b5 36.
Bxa6 b4 37. f4 Kg8 38. Bd3 h6 39.
Kf2 Kf8 40. Ke2 Ke7 41. Kd2 Kd6 42.
Kc2 Kc5 43. Kb3 h5 44. h4 f5 45.
Bxf5 f6 46. Bd3 Kd5 47. Kxb4 Ke6 48. Bg6 f5 49. Bxh5 Kf6 50. Bf3 Ke6 51. h5 Kf6 52.
a4 Kg7 53. e4 Kf6 54. e5+ Kg7 55.
Bd5 1-0

[Event "Manhemjunioren 2024"]
[Site "Goteborgs Schackcentrum, Vegatan 20, Gothenburg, Sweden"]
[Date "2024.04.06"]
[Round "3.4"]
[White "Havner, Arvid"]
[Black "Madevan Vaishnavi, Yaashvan"]
[Result "1-0"]
[TimeControl "18 minutes + 10 seconds per move from move one."]
[WhiteFideId "1769308"]
[BlackFideId "1772180"]
[WhiteElo "1782"]
[BlackElo "1670"]

1. e4 c5 2. Nf3 g6 3. d4 cxd4 4. Nxd4 Nc6 5. Nc3 Bg7 6. Be3 Nf6 7. f3 O-O 8. Bc4 d6 9. Qd2 Nxd4 10. Bxd4 Bd7 11.
O-O-O Rc8 12. Bb3 b5 13. h4 b4 14. Nd5 a5 15. Nxf6+ exf6 16. h5 a4 17. Bd5 a3 18. hxg6 axb2+ 19. Kb1 hxg6 20. g4 Ba4 21.
Bb3 Bxb3 22. axb3 Qa5 23. Bxb2 Rc6 24. Qd5 Qxd5 25. Rxd5 Rfc8 26. Rh2 Kf8 27. Rhd2 Bh6 28. Rh2 Bf4 29. Rh8+ Ke7 30. Rxc8 Rxc8 31.
Rb5 Bd2 32. Bd4 Rh8 33. g5 Rh1+ 34. Kb2 fxg5 35. Rd5 Bc1+ 36. Ka2 Rf1 37. e5 Bf4 38. Rxd6 Rxf3 39. Bc5 g4 40. Rxg6+ Ke8 41. Rxg4 Bxe5 42.
Re4 f6 43. Bd6 Rf5 44. Bxb4 Kf7 45. c4 Rf1 46. Re1 Rf2+ 47. Ka3 Bb2+ 48. Ka4 f5 49. c5 Rc2 50. Kb5 f4 51. c6 f3 52.
Rf1 f2 53. Bc5 Bf6 54. Rxf2 Rxf2 55. Bxf2 Ke8 56. Kb6 Be5 57. Kb7 Kd8 58. Bh4+ Ke8 59. c7 Kd7 60. c8=Q 1-0

[Event "Manhemjunioren 2024"]
[Site "Goteborgs Schackcentrum, Vegatan 20, Gothenburg, Sweden"]
[Date "2024.04.06"]
[Round "3.5"]
[White "Bergdahl, Martin"]
[Black "Lappas Lonnermark, Johannes"]
[Result "1/2-1/2"]
[TimeControl "18 minutes + 10 seconds per move from move one."]
[WhiteFideId "1782231"]
[BlackFideId "1773437"]
[WhiteElo "1533"]
[BlackElo "1577"]

1. e4 e6 2. d4 d5 3. exd5 exd5 4. Nc3 c6 5. Nf3 Bd6 6. Bd3 Nf6 7. O-O O-O 8.
Bg5 Bg4 9. h3 Bh5 10. Be2 Bg6 11. Ne5 Nbd7 12. Nxd7 Qxd7 13. Bxf6 gxf6 14. Bh5 Kg7 15. Bg4 Qc7 16. Bh5 Rfe8 17.
Qf3 Qe7 18. Qg4 Qe6 19. Qxe6 fxe6 20. Bxg6 hxg6 21. f4 e5 22. fxe5 fxe5 23. dxe5 Rxe5 24. Rae1 Rae8 25. Rxe5 Rxe5 26. Rd1 Bc5+ 27. Kh1 Bf2 28.
Kh2 g5 29. Rf1 Bd4 30. Rf3 Re3 31. Rxe3 Bxe3 32. Ne2 Kf6 33. g4 Ke5 34. Kg2 Ke4 35. Ng3+ Ke5 36. Ne2 b5 37. Kf3 Bb6 38.
Ng3 a5 39. Nf5 Bc5 40. Nh6 a4 41. Nf7+ Kf6 42. Nd8 Ke7 43. Nxc6+ Kd6 44. Nd8 Ke7 45. Nc6+ Kd6 46. Nd8 Ke7 47.
Nc6+ Kd6 48. Nd8 1/2-1/2

[Event "Manhemjunioren 2024"]
[Site "Goteborgs Schackcentrum, Vegatan 20, Gothenburg, Sweden"]
[Date "2024.04.06"]
[Round "3.7"]
[White "Sivarama, Saadhvik"]
[Black "Murugaraja, Yogeshwer"]
[Result "0-1"]
[TimeControl "18 minutes + 10 seconds per move from move one."]
[WhiteFideId "1773720"]
[BlackFideId "1779389"]
[WhiteElo "1566"]
[BlackElo "1587"]

1. e4 c5 2. Nf3 d6 3. d4 cxd4 4. Nxd4 Nf6 5. Bd3 a6 6. c4 e5 7. Nf3 Be7 8. O-O O-O 9. Nc3 Be6 10.
Nd5 Nxd5 11. cxd5 Bg4 12. h3 Bh5 13. Be2 Nd7 14. Nd2 Bg6 15. Bd3 Nf6 16. Re1 Rc8 17. Nf3 h6 18. Bd2 Qd7 19.
Rb1 Rc7 20. b4 b5 21. Nh4 Bh7 22. Nf3 Bg6 23. Ra1 Nh7 24. a4 Rb8 25. axb5 axb5 26. Qe2 f5 27. exf5 Bxf5 28. Ra5 Bxd3 29.
Qxd3 Rcb7 30. Rea1 Re8 31. Be3 Bd8 32. Ra7 e4 33. Rxb7 Qxb7 34. Ra7 Qxa7 35. Qxb5 Qa1+ 36. Kh2 Nf6 37.
Bd4 Qa8 38. Bxf6 Bxf6 39. Nd2 e3 40. fxe3 Rxe3 41. Nf3 Qe8 42.
Qc6 Be5+ 43. Kg1 Bg3 0-1

[Event "Manhemjunioren 2024"]
[Site "Goteborgs Schackcentrum, Vegatan 20, Gothenburg, Sweden"]
[Date "2024.04.06"]
[Round "3.8"]
[White "Holma, Tim"]
[Black "Hansson, Isabelle"]
[Result "0-1"]
[TimeControl "18 minutes + 10 seconds per move from move one."]
[WhiteFideId "1785850"]
[BlackFideId "1773593"]
[WhiteElo "1430"]
[BlackElo "1414"]

1. e4 e5 2. Nf3 Nc6 3. Bc4 Nf6 4. Nc3 Bc5 5. d3 d6 6. O-O Bg4 7. h3 Bh5 8. Be3 O-O 9. Qe2 Bd4 10.
Bxd4 Nxd4 11. Qd1 Nxf3+ 12. gxf3 Qd7 13. Kh2 c6 14. Kg2 d5 15. exd5 cxd5 16. Bb5 Qf5 17. d4 e4 18. fxe4 Qg5+ 19.
Kh2 Bxd1 20. Raxd1 Qf4+ 21. Kh1 Qf3+ 22. Kh2 dxe4 23. Be2 Qf4+ 24. Kg2 Rfe8 25. Rfe1 e3 26. Bf3 Qg5+ 27. Kf1 Qh4 28.
Bg2 Qxf2# 0-1

[Event "Manhemjunioren 2024"]
[Site "Goteborgs Schackcentrum, Vegatan 20, Gothenburg, Sweden"]
[Date "2024.04.06"]
[Round "4.1"]
[White "Yang, Mandi"]
[Black "Norberg, Arild"]
[Result "1-0"]
[TimeControl "18 minutes + 10 seconds per move from move one."]
[WhiteFideId "1774778"]
[BlackFideId "1774484"]
[WhiteElo "1738"]
[BlackElo "1683"]

1. e4 e5 2. Nf3 Nc6 3. Bc4 Bc5 4.
c3 d6 5.
d4 exd4 6. cxd4 Bb4+ 7. Nc3 Bg4 8.
Be3 Nge7 9. O-O h6 10. h3 Bh5 11. Nd5 O-O 12. Nf4 Bg6 13. Nxg6 Nxg6 14. Qc2 Nce7 15. Rac1 c6 16. Bd3 Re8 17.
a3 Ba5 18. b4 Bb6 19. Rfd1 d5 20. e5 a5 21. e6 Qd6 22. exf7+ Kxf7 23. Bxg6+ Nxg6 24. Ne5+ Nxe5 25. dxe5 Qd8 26.
Qf5+ Kg8 27. Bxh6 gxh6 28. Qg6+ Kf8 29. Rd3 Qg5 30. Rf3+ Ke7 31. Qd6# 1-0